 Dungeon Crawl Stone Soup version 0.29.1-15-g9cfb28693d (webtiles) character file.

Game seed: 2296002727060138313

456865 TheUltimateLifeform the Slayer (level 24, -33/239 HPs)
             Began as a Hill Orc Fighter on Apr 18, 2023.
             Was the Champion of Beogh.
             Killed from afar by an orb of fire (85 damage)
             ... with a bolt of fire
             ... on level 5 of the Realm of Zot on Apr 19, 2023.
             The game lasted 06:11:02 (59079 turns).

TheUltimateLifeform the Slayer (Hill Orc Fighter)  Turns: 59079, Time: 06:11:04

Health: -33/239    AC: 45    Str: 42    XL:     24   Next: 8%
Magic:  28/28      EV: 15    Int: 16    God:    Beogh [******]
Gold:   5955       SH: 35    Dex: 14    Spells: 23/23 levels left

rFire   . . .      SeeInvis .   V - +10 war axe "Gacouxt" {drain, Will+ Str+4 Int+2 Stlth+}
rCold   + . .      Faith    .   O - +8 tower shield {reflect}
rNeg    . . .      Spirit   .   y - +10 plate armour {ponderous}
rPois   .          Reflect  +   D - +2 helmet {Int+3}
rElec   +          Harm     .   K - +2 cloak
rCorr   .          Rampage  +   Q - +1 pair of gloves "Urio" {rElec Will+ Int+3}
Will    ++++.                   p - +2 pair of boots {rampage}
Stlth   ..........              t - amulet of reflection
HPRegen 0.00/turn               F - +6 ring of strength
MPRegen 0.21/turn               T - ring of Dumoh {Wiz rC+ Will+ Str+2 Dex+4 Stlth-}

@: lethally poisoned (-33 -> -42), about to teleport, inhibited regen, studying
2 skills, unable to drink, slow
A: walk on water, low MP 1, inhibited regeneration
}: 3/15 runes: serpentine, barnacled, silver
a: Renounce Religion, Smiting, Recall Orcish Followers, Give Item to Named
Follower, Resurrection


You were on level 5 of the Realm of Zot.
You worshipped Beogh.
Beogh was exalted by your worship.
You visited 9 branches of the dungeon, and saw 45 of its levels.

You collected 7034 gold pieces.
You spent 1079 gold pieces at shops.

Inventory:

Hand Weapons
 G - a +1 vampiric glaive
 V - the +10 war axe "Gacouxt" (weapon) {drain, Will+ Str+4 Int+2 Stlth+}
   (You found it on level 4 of the Lair of Beasts)

   A truly terrible weapon, it drains the life of any living foe it strikes.
   Str:       It affects your strength (+4).
   Int:       It affects your intelligence (+2).
   Will:      It increases your willpower.
   Stlth:     It makes you more stealthy.
 W - the +12 hand axe of Gerograer {venom, Int+3 Stlth+}
   (You found it on level 5 of the Vaults)

   It poisons the flesh of those it strikes.
   Int:       It affects your intelligence (+3).
   Stlth:     It makes you more stealthy.
Armour
 p - a +2 pair of boots of rampaging (worn)
 y - a +10 plate armour of ponderousness (worn)
 D - a +2 helmet of intelligence (worn)
 K - a +2 cloak (worn)
 O - a +8 tower shield of reflection (worn)
 Q - the +1 pair of gloves "Urio" (worn) {rElec Will+ Int+3}
   (You found it on level 14 of the Dungeon)

   Int:       It affects your intelligence (+3).
   rElec:     It insulates you from electricity.
   Will:      It increases your willpower.
Jewellery
 b - the ring "Manwec" {rF+ MP+9 Dex+4}
   (You found it on level 4 of the Lair of Beasts)

   [ring of magical power]

   Dex:       It affects your dexterity (+4).
   rF:        It protects you from fire.
   MP:        It affects your magic capacity (+9).
 t - an amulet of reflection (around neck)
 F - a +6 ring of strength (left hand)
 T - the ring of Dumoh (right hand) {Wiz rC+ Will+ Str+2 Dex+4 Stlth-}
   (You found it on level 2 of the Vaults)

   [ring of wizardry]

   It improves your spell success rate.
   Str:       It affects your strength (+2).
   Dex:       It affects your dexterity (+4).
   rC:        It protects you from cold.
   Will:      It increases your willpower.
   Stlth:     It makes you less stealthy.
Wands
 a - a wand of polymorph (52)
 c - a wand of charming (30)
 j - a wand of mindburst (9)
 r - a wand of flame (143)
 H - a wand of iceblast (49)
 P - a wand of digging (17)
 R - a wand of quicksilver (11)
Scrolls
 d - 4 scrolls of summoning
 e - 4 scrolls of blinking
 f - 2 scrolls of amnesia
 m - 18 scrolls of teleportation
 n - 3 scrolls of fog
 s - 7 scrolls of poison
 v - 12 scrolls of vulnerability
 x - 5 scrolls of magic mapping
 J - 10 scrolls of fear
 N - a scroll of enchant weapon
 U - 3 scrolls of torment
 Y - 2 scrolls of enchant armour
Potions
 g - 8 potions of curing
 h - 12 potions of mutation
 i - a potion of might
 o - 8 potions of cancellation
 q - 5 potions of ambrosia
 u - a potion of resistance
 w - 7 potions of invisibility
 z - a potion of flight
 A - 4 potions of brilliance
 C - 8 potions of lignification
 E - a potion of berserk rage
 L - 4 potions of haste
 S - 3 potions of heal wounds
 X - 6 potions of attraction
Miscellaneous
 k - a lightning rod (4/4)
 l - a phial of floods
 B - a phial of floods
 I - a condenser vane
 M - a condenser vane
 Z - a phantom mirror


   Skills:
 - Level 24.4 Fighting
 + Level 22.8 Axes
 - Level 22.3 Armour
 - Level 14.0 Dodging
 - Level 21.0 Shields
 - Level 11.3 Invocations


You had 23 spell levels left.
You didn't know any spells.
Your spell library contained the following spells:

 Spells                   Type           Power      Damage    Failure   Level
 Beastly Appendage        Tmut           0%         N/A       43%         1
 Magic Dart               Conj           0%         1d3       43%         1
 Sandblast                Erth           0%         2d4       43%         1
 Shock                    Conj/Air       0%         1d3       43%         1
 Passwall                 Tmut/Erth      0%         N/A       56%         2
 Poisonous Vapours        Pois/Air       0%         N/A       56%         2
 Scorch                   Fire           0%         2d5       56%         2
 Searing Ray              Conj           0%         2d4       56%         2
 Static Discharge         Conj/Air       0%         3-3/arc   56%         2
 Sublimation of Blood     Necr           0%         N/A       56%         2
 Wereblood                Tmut           0%         N/A       56%         2
 Dazzling Flash           Conj/Hex       0%         N/A       78%         3
 Frozen Ramparts          Ice            0%         1d1       78%         3
 Gell's Gravitas          Tloc           0%         N/A       78%         3
 Lesser Beckoning         Tloc           0%         N/A       78%         3
 Mephitic Cloud           Conj/Pois/Air  0%         N/A       78%         3
 Portal Projectile        Hex/Tloc       0%         N/A       78%         3
 Spider Form              Tmut/Pois      0%         N/A       78%         3
 Stone Arrow              Conj/Erth      0%         3d7       78%         3
 Swiftness                Air            0%         N/A       78%         3
 Teleport Other           Tloc           0%         N/A       78%         3
 Tukima's Dance           Hex            0%         N/A       78%         3
 Airstrike                Air            0%         2d(0-16)  99%         4
 Animate Armour           Summ/Erth      0%         N/A       99%         4
 Animate Dead             Necr           0%         N/A       99%         4
 Corpse Rot               Necr/Pois/Air  0%         N/A       99%         4
 Dispel Undead            Necr           0%         3d6       99%         4
 Flame Wave               Conj/Fire      0%         2d4       99%         4
 Fulminant Prism          Conj/Hex       0%         3d6       99%         4
 Ice Form                 Ice/Tmut       0%         N/A       99%         4
 Iskenderun's Mystic Bla  Conj/Tloc      0%         2d3       99%         4
 Olgreb's Toxic Radiance  Pois           0%         N/A       99%         4
 Summon Ice Beast         Ice/Summ       0%         N/A       99%         4
 Summon Lightning Spire   Summ/Air       0%         N/A       99%         4
 Agony                    Necr           0%         N/A       100%        5
 Blade Hands              Tmut           0%         N/A       100%        5
 Borgnjor's Vile Clutch   Necr/Erth      0%         N/A       100%        5
 Freezing Cloud           Conj/Ice/Air   0%         6-21      100%        5
 Lee's Rapid Deconstruct  Erth           0%         3d5*      100%        5
 Lightning Bolt           Conj/Air       0%         1d11      100%        5
 Silence                  Hex/Air        0%         N/A       100%        5
 Conjure Ball Lightning   Conj/Air       0%         3x3d6     100%        6
 Death Channel            Necr           0%         N/A       100%        6
 Iron Shot                Conj/Erth      0%         9d1       100%        6
 Simulacrum               Ice/Necr       0%         N/A       100%        6
 Summon Cactus Giant      Summ           0%         N/A       100%        6
 Malign Gateway           Summ/Tloc      0%         N/A       100%        7
 Ozocubu's Refrigeration  Ice            0%         4d7       100%        7
 Storm Form               Tmut/Air       0%         N/A       100%        7
 Summon Hydra             Summ           0%         N/A       100%        7
 Discord                  Hex            0%         N/A       100%        8
 Disjunction              Tloc           0%         N/A       100%        8
 Ignition                 Fire           0%         3d3       100%        8
 Maxwell's Capacitive Co  Air            0%         ∞         100%        8
 Summon Horrible Things   Summ           0%         N/A       100%        8
 Polar Vortex             Ice            0%         N/A       100%        9


Dungeon Overview and Level Annotations

Branches:
Dungeon (15/15)            Temple (1/1) D:7            Lair (5/5) D:10
 Shoals (4/4) Lair:2        Snake (4/4) Lair:3        Slime (0/5) Lair:4
    Orc (2/2) D:9             Elf (0/3) Orc:2        Vaults (5/5) D:14
  Crypt (0/3) Vaults:2     Depths (4/4) D:15            Zot (5/5) Depths:4

Altars:
Ashenzari
Dithmenos
Elyvilon
Fedhas
Gozag
Hepliaklqana
Kikubaaqudgha
Makhleb
Nemelex Xobeh
Okawaru
Qazlal
Sif Muna
Trog
Uskayaw
Vehumet
Wu Jian
Xom
Yredelemnul
Zin
The Shining One
Beogh
Lugonu

Shops:
Orc:1 *   Orc:2 !(*(   Shoals:3 =   Shoals:4 [(   Snake:3 (*   Snake:4 (
Vaults:1 (

Portals:
Hell: Depths:1 Depths:2 Depths:3 Depths:4
Abyss: Lair:5 Depths:1 Depths:2 Depths:3
Pandemonium: Depths:2
Ziggurat: Depths:1

Annotations:
D:7 Joseph
D:12 1 runed translucent door
Temple 4 transporters
Lair:2 exclusion: oklob plant
Zot:4 2 runed translucent doors, Flapstick's ghost, legendary HaBe
Abyss:1 Sojobo


Innate Abilities, Weirdness & Mutations

You can walk on water.
Your magical capacity is low. (-10% MP)
You do not regenerate when monsters are visible.


Message History

The bolt of lightning hits Saint Roka!!
The bolt of lightning misses you. You block the Killer Klown's attack.
The Killer Klown giggles crazily.
Saint Roka calls down the wrath of Beogh upon the electric golem.
The electric golem is smitten.
You slice the Killer Klown!!
You kill the Killer Klown!
Beogh accepts your kill.
You miss the orb of fire.
The electric golem hurls lightning at you.
The bolt of lightning hits Saint Roka!!!
The bolt of lightning misses you.
The electric golem blinks!
You barely miss the Killer Klown.
The Killer Klown is moderately wounded.
You hit the orb of fire. You block the Killer Klown's attack.
You miss the Killer Klown.
The Killer Klown is moderately wounded.
You hit the orb of fire but do no damage.
You block the Killer Klown's attack.
You slice the Killer Klown!!
The Killer Klown is heavily wounded.
You miss the orb of fire. You block the Killer Klown's attack.
Saint Roka hits the electric golem with the +7 hand axe of Buvucan {vorpal, Will+ Str+4 Dex+3}!!
The electric golem is destroyed!
Beogh accepts your kill.
Saint Roka hits the orb of fire with the +7 hand axe of Buvucan {vorpal, Will+ Str+4 Dex+3}!!
You slash the Killer Klown! You drain the Killer Klown.
The Killer Klown is severely wounded.
You barely miss the orb of fire.
The Killer Klown strangle-hugs you with a +8 club of venom!
* * * LOW HITPOINT WARNING * * *
You are poisoned.
Saint Roka hits the orb of fire with the +7 hand axe of Buvucan {vorpal, Will+ Str+4 Dex+3}!!
You closely miss the Killer Klown.
The Killer Klown is severely wounded.
You hit the orb of fire but do no damage.
You feel sick. You block the Killer Klown's attack.
The orb of fire glows yellow.
The bolt of fire hits you!!!!
You die...

....^..........
................▓▓
..^..............▓
.......^..........
..............^...
........o.^........
......†)*.........▓
.......@p........▓
▓...............▓
#▓▓▓▓▓▓▓▓▓▓▓##.....▓▓
###.....^.............##
##....##..........).....##
###...###................^.##
.....###^...................#
....## #....................#
....# #.^...^..............#


You could see an orb of fire, a Killer Klown (drained, ally target) and the
friendly Saint Roka.

Vanquished Creatures
  A dread lich (Zot:5)
  A juggernaut (Depths:2)
  A Killer Klown (Zot:5)
  Margery (Vaults:2)
  2 caustic shrikes (Depths:2)
  3 golden dragons
  3 curse toes
  An electric golem (Zot:3)
  7 Orb Guardians (Zot:5)
  7 tentacled monstrosities
  A walking earthen tome (Depths:2)
  3 liches
  3 quicksilver dragons
  3 sphinxes
  Agnes (D:14)
  A tengu reaver (Vaults:4)
  5 death cobs
  8 nagarajas
  A shadow dragon (Zot:1)
  5 storm dragons
  A draconian monk (Zot:4)
  2 fire giants
  4 frost giants
  An orc warlord (Orc:2)
  11 vault wardens
  7 draconian scorchers
  An iron dragon (Depths:2)
  A ghost moth (Zot:3)
  3 draconian stormcallers (Zot:4)
  14 very ugly things
  9 ironbound preservers
  A draconian annihilator (Zot:4)
  2 ironbound thunderhulks
  A vampire knight (Depths:3)
  6 stone giants
  6 green draconians
  A lorocyproca (Depths:1)
  2 entropy weavers
  A yellow draconian (Zot:3)
  A deep elf demonologist (Vaults:5)
  3 purple draconians
  3 black draconians
  A red draconian (Zot:2)
  3 white draconians
  7 dire elephants
  Snorg (D:11)
  A fire dragon (shapeshifter) (Depths:4)
  2 spark wasps (Depths:1)
  6 ettins
  2 fire dragons
  2 deep elf death magi
  Josephine (D:13)
  A merfolk impaler (Shoals:1)
  3 merfolk javelineers
  3 yaktaur captains
  6 vault guards
  4 hydras
  5 ice dragons
  4 great orbs of eyes
  A peacekeeper (Vaults:1)
  3 boulder beetles
  A rakshasa (Depths:1)
  A spriggan air mage (Depths:2)
  An ice dragon (shapeshifter) (Depths:3)
  A merfolk avatar (Shoals:1)
  3 satyrs
  6 ironbound frosthearts
  4 anacondas
  15 centaur warriors
  A catoblepas (Shoals:3)
  7 two-headed ogres
  A death knight (Vaults:2)
  9 naga warriors
  5 merfolk aquamancers
  3 deep troll shamans
  4 deep troll earth magi
  A two-headed ogre (shapeshifter) (Lair:5)
  A titan zombie (D:15)
  2 tengu warriors
  8 death yaks
  A thrashing horror (Lair:5)
  Nergalle (D:11)
  9 naga sharpshooters
  6 shock serpents
  7 hell knights
  A spriggan berserker (Depths:4)
  A fire crab (shapeshifter) (Depths:3)
  A salamander mystic (Snake:4)
  A skeletal warrior (D:15)
  Lodul (D:14)
  8 sea snakes
  An obsidian statue (Zot:5)
  35 deep trolls
  5 phantasmal warriors
  A shadow dragon zombie (D:15)
  2 glowing orange brains
  Pikel (D:7)
  3 lindwurms (Vaults:3)
  5 wizards
  2 naga ritualists
  5 harpies
  2 necromancers
  8 ironbound convokers
  17 fauns
  5 mana vipers
  3 orc knights
  An orc sorcerer (Orc:2)
  5 cyclopes
  8 salamanders
  15 ugly things
  9 manticores
  12 vault sentinels
  9 moths of wrath
  3 elephants (Lair:5)
  3 water nymphs (Shoals:4)
  4 merfolk sirens
  3 guardian serpents
  7 cane toads
  20 black mambas
  A smoke demon (Lair:5)
  An unseen horror (shapeshifter) (D:13)
  9 naga magi
  3 gargoyles
  A spriggan zombie (D:15)
  2 large abominations
  2 komodo dragons
  4 kobold demonologists
  6 unseen horrors
  26 yaktaurs
  A tengu conjurer (Depths:1)
  An ancient zyme (Lair:5)
  19 merfolk
  A meliai (shapeshifter) (Depths:3)
  A meliai (D:15)
  2 wind drakes
  A hornet (Lair:3)
  2 harpy zombies (Shoals:4)
  7 trolls
  Prince Ribbit (D:6)
  8 blink frogs
  A saltling (Vaults:1)
  20 slime creatures
  A tarantella (Vaults:4)
  3 dream sheep
  2 snapping turtles
  A jumping spider (shapeshifter) (Vaults:2)
  A spriggan (Lair:5)
  7 wraiths
  2 ynoxinuls (Lair:5)
  9 water elementals
  3 wyverns
  A yak (shapeshifter) (D:15)
  28 yaks
  A vampire (D:12)
  4 basilisks
  10 humans (D:14)
  8 vampire mosquitoes
  2 redbacks (Vaults:4)
  2 chaos spawn
  A golden eye (shapeshifter) (D:15)
  A warg (Orc:1)
  26 nagas
  An acid dragon (D:9)
  9 water moccasins
  9 orc warriors
  2 ice beasts
  3 black bears
  A sky beast (D:7)
  12 ogres
  10 wolves
  A centaur (D:8)
  3 lemures (D:7)
  A phantom (D:5)
  6 kobold brigands
  A gnoll sergeant (D:8)
  2 bullfrogs
  3 scorpions
  10 wights
  4 killer bees (D:9)
  5 howler monkeys
  An oklob sapling (D:7)
  An electric eel (Snake:3)
  2 jellies
  3 gnoll boudas
  10 orc priests
  A hound (D:4)
  2 iguanas
  14 orc wizards
  4 small abominations
  16 gnolls
  7 adders
  A shadow imp (D:7)
  2 dart slugs
  25 orcs
  13 ball pythons
  4 bats
  12 endoplasms
  9 giant cockroaches
  10 goblins
  9 hobgoblins
  5 jackals
  18 kobolds
  6 quokkas
  6 frilled lizards
  7 rats
  A tentacle (Shoals:2)
1005 creatures vanquished.

Vanquished Creatures (collateral kills)
  Mara (Shoals:3)
  A juggernaut (Depths:4)
  A Killer Klown (Zot:5)
  Vashnia (Snake:3)
  A caustic shrike (Depths:2)
  3 curse toes
  2 golden dragons
  A bone dragon (Depths:4)
  Jory (Vaults:3)
  An electric golem (Zot:5)
  6 tentacled monstrosities
  A lich (Vaults:5)
  3 titans (Vaults:5)
  2 Orb Guardians (Zot:5)
  2 quicksilver dragons
  A death cob (Zot:2)
  A kraken (Shoals:2)
  2 sphinxes
  Polyphemus (Shoals:3)
  Frances (Shoals:1)
  6 storm dragons
  6 shadow dragons
  Donald (Shoals:3)
  8 tengu reavers
  A draconian monk (Zot:3)
  7 nagarajas (Snake:4)
  3 fire giants
  A draconian knight (Zot:1)
  12 vault wardens
  3 draconian scorchers
  An orc warlord (Vaults:4)
  2 frost giants
  2 draconian annihilators
  A draconian shifter (Zot:1)
  An iron dragon (Depths:1)
  11 ironbound preservers
  4 war gargoyles
  8 very ugly things
  5 ironbound thunderhulks
  3 vampire knights
  17 stone giants
  3 black draconians (Zot:1)
  3 green draconians
  A deep elf demonologist (Vaults:5)
  An entropy weaver (Vaults:4)
  5 purple draconians
  8 dire elephants
  5 white draconians
  2 spark wasps (Depths:1)
  A red draconian (Zot:1)
  5 yellow draconians
  A crystal guardian (Vaults:2)
  A deep elf death mage (Vaults:5)
  4 merfolk javelineers
  2 great orbs of eyes
  4 merfolk impalers
  6 ettins
  A deep elf high priest (Vaults:5)
  9 yaktaur captains
  5 boulder beetles
  7 fire dragons
  3 hydras
  2 rakshasas (Depths:2)
  8 ice dragons
  3 salamander tyrants (Snake:4)
  27 vault guards
  2 death knights
  A catoblepas (D:14)
  3 merfolk aquamancers (Shoals:3)
  A peacekeeper (Vaults:2)
  A spriggan air mage (Depths:2)
  3 two-headed ogres
  6 centaur warriors
  A satyr (Shoals:2)
  5 anacondas
  A satyr (shapeshifter) (Vaults:5)
  4 ironbound frosthearts
  12 naga warriors
  4 deep troll shamans
  An ogre mage (Vaults:1)
  2 merfolk avatars
  A deep troll earth mage (Depths:2)
  2 tengu warriors (Depths:2)
  12 death yaks
  2 vampire magi (Depths:2)
  2 alligator snapping turtles
  6 naga sharpshooters
  2 shock serpents
  2 thrashing horrors (Lair:5)
  3 large abominations (Depths:3)
  3 spriggan berserkers (Depths:2)
  2 orc high priests (Orc:2)
  3 hell knights
  A sun demon (Depths:3)
  3 salamander mystics
  A skeletal warrior (D:15)
  4 iron trolls
  3 naga ritualists
  A flayed ghost (Depths:2)
  28 deep trolls
  An orb spider (shapeshifter) (Vaults:2)
  An orc knight (Orc:2)
  13 ironbound convokers
  9 sea snakes
  2 wizards
  A shadow demon (Depths:1)
  A deep elf pyromancer (D:15)
  5 lindwurms
  2 fauns (Shoals:2)
  16 ugly things
  A fire giant zombie (D:15)
  6 mana vipers
  4 phantasmal warriors
  8 harpies
  2 orc sorcerers
  An oklob plant (Lair:5)
  6 manticores
  2 cyclopes
  A manticore (shapeshifter) (Depths:1)
  A shining eye (shapeshifter) (Depths:3)
  An elephant (Lair:5)
  A salamander (Snake:4)
  A water nymph (shapeshifter) (Depths:3)
  6 moths of wrath
  A water nymph (Shoals:4)
  16 vault sentinels
  8 merfolk sirens
  4 guardian serpents
  15 black mambas
  A torpor snail (shapeshifter) (Depths:3)
  A torpor snail (Lair:4)
  6 naga magi
  5 cane toads
  2 unseen horrors
  An efreet (D:15)
  A rime drake (shapeshifter) (Depths:3)
  A freezing wraith (D:15)
  8 yaktaurs
  A tengu conjurer (D:14)
  A harpy zombie (Shoals:4)
  8 merfolk
  4 komodo dragons
  An ancient zyme (Lair:5)
  A troll (Orc:2)
  2 meliai (D:15)
  11 dream sheep
  A polar bear (Lair:5)
  A wind drake (Shoals:1)
  A saltling (Vaults:1)
  A dream sheep (shapeshifter) (Depths:2)
  8 slime creatures
  4 snapping turtles
  11 blink frogs
  A slime creature (shapeshifter) (Depths:3)
  A ynoxinul (Lair:5)
  7 water elementals
  26 yaks
  3 wraiths
  6 humans (D:14)
  3 redbacks (Vaults:3)
  2 vampire mosquitoes (D:14)
  2 chaos spawn
  A warg (Orc:2)
  11 small abominations
  17 nagas
  5 water moccasins
  4 manticore zombies (Shoals:4)
  11 orc warriors
  2 ogres (Orc:2)
  5 wolves
  A bullfrog (Lair:1)
  6 scorpions (D:12)
  A wight (Vaults:2)
  9 orc priests
  7 orc wizards (Orc:2)
  15 orcs
  A giant cockroach (D:12)
  A frilled lizard (Orc:2)
  2 kobolds (D:12)
  A bush (Lair:2)
  A butterfly (D:12)
  A plant (Shoals:4)
752 creatures vanquished.

Vanquished Creatures (others)
  5 orc warlords
  A fire giant (Vaults:5)
  A white draconian (Zot:4)
  An ogre mage (Vaults:5)
  2 orc high priests
  12 orc knights
  5 orc sorcerers
  A moth of wrath (Zot:4)
  A guardian serpent (Snake:4)
  A naga mage (Snake:4)
  2 komodo dragons (shapeshifter) (Depths:3)
  A naga (Snake:2)
  17 orc warriors
  38 orcs
  18 orc priests
  11 orc wizards
  8 bushes (Lair:5)
  19 fungi
  338 plants
  4 tentacles (Shoals:2)
  7 withered plants (D:15)
493 creatures vanquished.

Grand Total: 2250 creatures vanquished

Notes
Turn   | Place    | Note
-------+----------+-------------------------------------------
     0 | D:1      | TheUltimateLifeform the Hill Orc Fighter began the quest
                  | for the Orb.
     0 | D:1      | Reached XP level 1. HP: 19/19 MP: 1/1
   189 | D:1      | Reached XP level 2. HP: 18/26 MP: 2/2
   990 | D:1      | Reached XP level 3. HP: 27/31 MP: 3/3
  1200 | D:2      | Identified the +8 dagger of the Healing Scorpion {vorpal,
                  | rPois rCorr Int-3 SInv}
  1293 | D:2      | Reached skill level 5 in Axes
  1438 | D:2      | Reached XP level 4. HP: 29/39 MP: 4/4
  2332 | D:3      | Reached XP level 5. HP: 44/45 MP: 5/5
  2486 | D:3      | Found a faded altar of an unknown god.
  2486 | D:3      | Noticed a rust devil
  2997 | D:4      | Found a sparkling altar of Nemelex Xobeh.
  3264 | D:4      | Noticed a +0 spear
  3264 | D:4      | Noticed a +0 short sword
  3265 | D:4      | Noticed a +0 spear
  3265 | D:4      | Noticed a +0 falchion
  3265 | D:4      | Noticed a +0 dagger
  3266 | D:4      | Noticed a +0 falchion
  3266 | D:4      | Noticed a +0 short sword
  3266 | D:4      | Noticed a +0 dagger
  3273 | D:4      | Found a hide-covered altar of Uskayaw.
  3315 | D:4      | Noticed a black bear
  3750 | D:4      | Killed a black bear
  3751 | D:4      | Reached XP level 6. HP: 33/51 MP: 6/6
  3965 | D:5      | Entered Level 5 of the Dungeon
  3967 | D:5      | Noticed a water moccasin
  4013 | D:5      | Killed a water moccasin
  4220 | D:5      | Found a bloodstained altar of Trog.
  4226 | D:5      | Found a broken altar of Ashenzari.
  4278 | D:5      | Reached XP level 7. HP: 43/57 MP: 7/7
  4445 | D:5      | Identified the +8 dagger "Xaon" {venom, Will+}
  4488 | D:5      | You fall into a shaft and drop 1 floor!
  4817 | D:5      | Reached skill level 10 in Axes
  5313 | D:5      | Found a white marble altar of Elyvilon.
  5382 | D:5      | Found a glowing silver altar of Zin.
  5385 | D:5      | Found a glowing golden altar of the Shining One.
  5475 | D:6      | Noticed Prince Ribbit
  5501 | D:6      | Killed Prince Ribbit
  5615 | D:6      | Became a worshipper of Beogh the Brigand
  5624 | D:6      | Reached XP level 8. HP: 59/64 MP: 8/8
  5882 | D:6      | Found a shimmering blue altar of Sif Muna.
  5996 | D:6      | Found an ornate altar of the Wu Jian Council.
  6233 | D:7      | Reached XP level 9. HP: 53/70 MP: 9/9
  6234 | D:7      | Found a staircase to the Ecumenical Temple.
  6242 | D:7      | Noticed Joseph
  6258 | D:6      | Reached * piety under Beogh
  6540 | D:7      | Noticed Pikel
  6551 | D:7      | Killed Pikel
  6552 | D:7      | Reached skill level 15 in Axes
  7340 | D:8      | Found a flagged portal.
  7372 | D:8      | Reached skill level 4 in Fighting
  7539 | D:8      | Identified the +4 hand axe "Neiri" {flame, rElec}
  7541 | D:8      | Identified the +7 hand axe of Buvucan {vorpal, Will+ Str+4
                  | Dex+3}
  7548 | D:8      | Reached skill level 5 in Fighting
  7788 | D:8      | Found a radiant altar of Vehumet.
  7955 | D:8      | Reached skill level 6 in Fighting
  8012 | D:8      | Reached ** piety under Beogh
  8018 | D:8      | Reached skill level 7 in Fighting
  8018 | D:8      | Reached XP level 10. HP: 54/86 MP: 10/10
  8567 | Temple   | Entered the Ecumenical Temple
  8567 | Temple   | Found a transporter.
  8567 | Temple   | Found a transporter.
  8569 | Temple   | Found a transporter.
  8569 | Temple   | Found a transporter.
  8724 | D:9      | Reached skill level 8 in Fighting
  8794 | D:9      | Noticed a two-headed ogre
  8807 | D:9      | Killed a two-headed ogre
  8808 | D:9      | Reached skill level 9 in Fighting
  9149 | D:9      | Found a basalt altar of Yredelemnul.
  9198 | D:9      | Reached skill level 10 in Fighting
  9570 | D:9      | Found a staircase to the Orcish Mines.
  9582 | D:9      | Reached skill level 11 in Fighting
  9812 | D:10     | Entered Level 10 of the Dungeon
  9886 | D:10     | Noticed a gargoyle
  9898 | D:10     | Killed a gargoyle
 10063 | D:10     | Noticed a two-headed ogre
 10076 | D:10     | Killed a two-headed ogre
 10219 | D:10     | Found a staircase to the Lair.
 10294 | D:10     | Reached skill level 5 in Armour
 10294 | D:10     | Reached skill level 5 in Shields
 10294 | D:10     | Reached XP level 11. HP: 104/104 MP: 11/11
 10298 | D:10     | Reached skill level 12 in Fighting
 10304 | D:10     | Reached *** piety under Beogh
 10831 | D:11     | Noticed Nergalle
 10854 | D:11     | Killed Nergalle
 11146 | D:11     | Reached skill level 13 in Fighting
 11380 | D:11     | Noticed Snorg
 11386 | D:11     | Noticed a two-headed ogre
 11394 | D:11     | Killed Snorg
 11408 | D:11     | Killed a two-headed ogre
 11965 | D:11     | Identified the +0 tower shield of Compassion {Str+4}
 12498 | D:12     | Noticed a red ugly thing
 12501 | D:12     | Reached skill level 14 in Fighting
 12512 | D:12     | Killed a red ugly thing
 12513 | D:12     | Reached XP level 12. HP: 83/117 MP: 12/12
 12836 | D:12     | Reached **** piety under Beogh
 12911 | D:12     | Noticed a five-headed hydra
 12916 | D:12     | Killed a nine-headed hydra
 13182 | D:12     | Found a runed translucent door.
 13184 | D:12     | Found a runed translucent door.
 13196 | D:12     | Gained Morbeogh as an ally
 13545 | Lair:1   | Entered Level 1 of the Lair of Beasts
 13600 | Lair:1   | Noticed a boulder beetle
 13618 | Lair:1   | Killed a boulder beetle
 13619 | Lair:1   | Reached skill level 15 in Fighting
 13820 | Lair:1   | Noticed an eight-headed hydra
 13828 | Lair:1   | Killed a four-headed hydra
 14641 | Lair:2   | Found a staircase to the Shoals.
 14880 | Lair:2   | Reached skill level 10 in Armour
 15106 | Lair:2   | Noticed a four-headed hydra
 15114 | Lair:2   | Killed a one-headed hydra
 15184 | Lair:2   | Found a blossoming altar of Fedhas.
 15825 | Lair:3   | Noticed a death yak
 15825 | Lair:3   | Noticed a death yak
 15826 | Lair:3   | Noticed a death yak
 15826 | Lair:3   | Noticed a death yak
 15834 | Lair:3   | Noticed a death yak
 15838 | Lair:3   | Killed a death yak
 16303 | D:13     | Noticed a boulder beetle
 16320 | D:13     | Reached XP level 13. HP: 126/126 MP: 13/13
 16458 | D:13     | Noticed Josephine
 16469 | D:13     | Killed Josephine
 16470 | D:13     | Reached skill level 10 in Shields
 17357 | D:14     | Noticed Lodul
 17381 | D:14     | Killed Lodul
 17557 | D:14     | Noticed Agnes
 17565 | D:14     | Killed Agnes
 17874 | D:14     | Found a gate to the Vaults.
 18313 | D:14     | Reached ***** piety under Beogh
 18455 | D:14     | Identified the +1 pair of gloves "Urio" {rElec Will+ Int+3}
 19044 | Lair:3   | Reached XP level 14. HP: 93/135 MP: 14/14
 19659 | Lair:3   | Found a staircase to the Snake Pit.
 20287 | Lair:4   | Found a runed translucent door.
 20387 | Lair:4   | Found a staircase to the Slime Pits.
 20454 | Lair:4   | Identified the +10 war axe "Gacouxt" {drain, Will+ Str+4
                  | Int+2 Stlth+}
 21216 | Lair:4   | Identified the ring "Manwec" {rF+ MP+9 Dex+4}
 21383 | Lair:5   | Entered Level 5 of the Lair of Beasts
 21386 | Lair:5   | Reached skill level 15 in Armour
 21625 | Lair:5   | Gained Herok as an ally
 21688 | Lair:5   | Reached ****** piety under Beogh
 21811 | Lair:5   | Found a one-way gate to the infinite horrors of the Abyss.
 21824 | Lair:5   | Found a corrupted altar of Lugonu.
 21828 | Lair:5   | Reached skill level 15 in Shields
 21835 | Lair:5   | Reached skill level 1 in Invocations
 21934 | Lair:5   | Reached XP level 15. HP: 80/141 MP: 16/16
 22169 | Lair:5   | Identified the +2 sling of Fate {vorpal, Fragile rElec
                  | Dex+9}
 23359 | D:15     | Entered Level 15 of the Dungeon
 23432 | D:15     | Found a stormy altar of Qazlal.
 23660 | D:15     | Found a staircase to the Depths.
 23674 | D:15     | Reached skill level 5 in Invocations
 24058 | D:15     | Reached skill level 16 in Fighting
 24131 | D:15     | Identified 2 scrolls of acquirement
 24134 | D:15     | Acquired a +2 pair of boots of rampaging
 24748 | Orc:1    | Entered Level 1 of the Orcish Mines
 24822 | Orc:1    | Found Opsushun's Overcharged Wands.
 24905 | Orc:1    | Found a roughly hewn altar of Beogh.
 25292 | Orc:2    | Entered Level 2 of the Orcish Mines
 25306 | Orc:2    | Gained Warbeogh as an ally
 25325 | Orc:2    | Your ally Warbeogh died
 25349 | Orc:2    | Found Ryest's Distillery.
 25349 | Orc:2    | Found Ubba's Antique Weapon Shop.
 25349 | Orc:2    | Found Nymnubbucay's Antique Weapon Boutique.
 25353 | Orc:2    | Found Ezo Laiven's Assorted Antiques.
 25406 | Orc:2    | Bought 2 potions of might for 216 gold pieces
 25406 | Orc:2    | Bought a runed helmet for 202 gold pieces
 25419 | Orc:2    | Bought a runed halberd for 154 gold pieces
 25424 | Orc:2    | Bought an ichor-stained broad axe for 279 gold pieces
 25424 | Orc:2    | Identified the +6 broad axe of Animal Spirits {flame, rN+}
                  | (You bought it in a shop on level 2 of the Orcish Mines)
 25438 | Orc:2    | Found a staircase to the Elven Halls.
 25562 | Orc:2    | Noticed an orc warlord
 25570 | Orc:2    | Killed an orc warlord
 26136 | Shoals:1 | Entered Level 1 of the Shoals
 26163 | Shoals:1 | Noticed Frances
 26167 | Shoals:1 | Killed Frances
 26280 | Shoals:1 | Gained Orbeogh as an ally
 26776 | Shoals:1 | Reached skill level 17 in Fighting
 27086 | Shoals:1 | Reached XP level 16. HP: 140/155 MP: 21/21
 27093 | Shoals:1 | Gained Margrim as an ally
 28093 | Shoals:2 | Noticed a kraken
 28105 | Shoals:2 | Killed a kraken
 28106 | Shoals:2 | Reached skill level 1 in Dodging
 28225 | Shoals:2 | Acquired 610 gold pieces
 28854 | Shoals:3 | Found Ophipp's Jewellery Emporium.
 28972 | Shoals:3 | Noticed Polyphemus
 28981 | Shoals:3 | Gained Okrist as an ally
 28985 | Shoals:3 | Killed Polyphemus
 29023 | Shoals:3 | Noticed Mara
 29025 | Shoals:3 | Noticed TheUltimateLifeform's illusion
 29039 | Shoals:3 | Killed Mara
 29040 | Shoals:3 | Your ally Margrim died
 29290 | Shoals:3 | Identified the +6 rapier of Untruth {vorpal, rElec rN+
                  | Int+2 Stlth+}
 29413 | Shoals:3 | Noticed Donald
 29424 | Shoals:3 | Killed Donald
 29425 | Shoals:3 | Reached skill level 5 in Dodging
 30245 | Shoals:4 | Entered Level 4 of the Shoals
 30410 | Shoals:4 | Identified the ring "Oleuh" {rElec SInv}
 30480 | Shoals:4 | Gained Boghold as an ally
 30622 | Shoals:4 | Reached skill level 18 in Fighting
 30800 | Shoals:4 | Reached XP level 17. HP: 128/163 MP: 22/22
 30967 | Shoals:4 | Found Nyw Hae's Weapon Shop.
 30999 | Shoals:4 | Found Sasyalo's Antique Armour Boutique.
 31152 | Shoals:4 | Your ally Boghold died
 31434 | Shoals:4 | Gained Morguth as an ally
 31469 | Shoals:4 | Got a barnacled rune of Zot
 32118 | Snake:1  | Entered Level 1 of the Snake Pit
 32131 | Snake:1  | Your ally Okrist died
 33770 | Snake:2  | You fall into a shaft and drop 1 floor!
 33853 | Snake:2  | Reached skill level 19 in Fighting
 34894 | Snake:3  | Found Gov Imi's Antique Weapon Shoppe.
 34907 | Snake:3  | Bought a runed battleaxe for 228 gold pieces
 35171 | Snake:3  | Noticed Vashnia
 35178 | Snake:3  | Killed Vashnia
 35409 | Snake:3  | Reached XP level 18. HP: 175/176 MP: 23/23
 35525 | Snake:3  | Found Podgh's Gadget Gallery.
 35814 | Snake:4  | Entered Level 4 of the Snake Pit
 36275 | Snake:4  | Got a serpentine rune of Zot
 36636 | Snake:4  | Found Tezi's Weapon Boutique.
 36766 | Snake:4  | Reached skill level 20 in Fighting
 37252 | Snake:4  | Reached skill level 10 in Invocations
 37956 | Vaults:1 | Entered Level 1 of the Vaults
 38134 | Vaults:1 | Your ally Morguth died
 38137 | Vaults:1 | Gained Oruk as an ally
 38143 | Vaults:1 | Reached XP level 19. HP: 122/185 MP: 27/27
 39173 | Vaults:1 | Found Hageumue's Antique Weapon Boutique.
 39910 | Vaults:2 | Noticed Margery
 39912 | Vaults:2 | Reached skill level 10 in Dodging
 39916 | Vaults:2 | Killed Margery
 40194 | Vaults:2 | Found a staircase to the Crypt.
 40374 | Vaults:2 | Identified the ring of Dumoh {Wiz rC+ Will+ Str+2 Dex+4
                  | Stlth-}
 41042 | Vaults:2 | Reached XP level 20. HP: 193/193 MP: 28/28
 41050 | Vaults:2 | Acquired 699 gold pieces
 41403 | Vaults:3 | Noticed Jory
 41410 | Vaults:3 | Killed Jory
 42347 | Vaults:3 | Gained Bogmar as an ally
 42997 | Vaults:3 | Found the +8 demon blade "Leech" {vamp, Harm Drain rN+}
 43618 | Vaults:4 | Identified the +6 quarterstaff "Jiguxulygg" {spect, rPois
                  | rF- SInv}
 43744 | Vaults:4 | Identified the +6 trident of Truncation {vorpal, rPois
                  | rF+++ Int+4 Dex-2}
 44459 | Vaults:4 | Gained Morguth as an ally
 45133 | Depths:1 | Entered Level 1 of the Depths
 45149 | Depths:1 | Reached XP level 21. HP: 202/202 MP: 29/29
 45743 | Depths:1 | Noticed an ancient lich
 45747 | Depths:1 | Found a one-way gateway to a ziggurat.
 45947 | Depths:1 | Found a gateway to Hell.
 45988 | Depths:1 | Reached skill level 21 in Fighting
 46380 | Depths:2 | Found a one-way gate leading to the halls of Pandemonium.
 46798 | Depths:2 | Identified the +4 arbalest of True Grit {penet, *Corrode
                  | rPois rC+}
 46941 | Depths:2 | Noticed a juggernaut
 46948 | Depths:2 | Killed a juggernaut
 47037 | Depths:2 | Noticed Saint Roka
 47038 | Depths:2 | Noticed a caustic shrike
 47038 | Depths:2 | Noticed a caustic shrike
 47038 | Depths:2 | Noticed a caustic shrike
 47044 | Depths:2 | Killed a caustic shrike
 47046 | Depths:2 | Killed a caustic shrike
 47048 | Depths:2 | Killed a caustic shrike
 47687 | Depths:3 | Identified the +1 tower shield of the Pirate {rPois Dex+8}
 48067 | Depths:3 | Reached XP level 22. HP: 209/215 MP: 30/30
 48262 | Depths:3 | Reached skill level 22 in Fighting
 48539 | Depths:4 | Entered Level 4 of the Depths
 48672 | Depths:4 | Found a gate to the Realm of Zot.
 49280 | Depths:4 | Noticed a juggernaut
 49284 | Depths:4 | Killed a juggernaut
 49840 | Depths:4 | Found a shimmering altar of Xom.
 50761 | Vaults:5 | Entered Level 5 of the Vaults
 50777 | Vaults:5 | Your ally Morguth died
 50796 | Vaults:5 | Your ally Orbeogh died
 50803 | Vaults:5 | Your ally Oruk died
 51467 | Vaults:5 | Reached skill level 23 in Fighting
 51476 | Vaults:5 | Identified the +12 hand axe of Gerograer {venom, Int+3
                  | Stlth+}
 51560 | Vaults:5 | Identified the +4 battleaxe "Saaripnu" {drain, rElec rCorr
                  | Str+6 Int+3}
 51569 | Vaults:5 | Noticed Sojobo
 51573 | Vaults:5 | Paralysed by an air elemental for 1 turns
 51575 | Vaults:5 | Paralysed by an air elemental for 1 turns
 51578 | Vaults:5 | Paralysed by an air elemental for 1 turns
 51581 | Vaults:5 | Your ally Morguth died
 52014 | Vaults:5 | Banished Sojobo
 52191 | Vaults:5 | Identified the +1 ring mail of the Guild-Master {Regen+
                  | Dex+4}
 52311 | Vaults:5 | Got a silver rune of Zot
 52569 | Vaults:5 | Got the Omnibus of the Congealing Lungs
 52722 | Vaults:5 | Reached XP level 23. HP: 213/216 MP: 31/31
 53051 | Zot:1    | Entered Level 1 of the Realm of Zot
 53748 | Zot:1    | Noticed a golden dragon
 53754 | Zot:1    | Killed a golden dragon
 54096 | Zot:2    | Noticed a golden dragon
 54104 | Zot:2    | Killed a golden dragon
 54353 | Zot:2    | You fall into a shaft and drop 1 floor!
 54395 | Zot:3    | Acquired the +10 war axe of Fezxoot {drain, rN+ rCorr
                  | Int-3}
 54616 | Zot:3    | Noticed a curse toe
 54622 | Zot:3    | Killed a curse toe
 54652 | Zot:3    | Your ally Morbeogh died
 54925 | Zot:3    | Noticed a curse toe
 54928 | Zot:3    | Killed a curse toe
 55446 | Zot:3    | Reached skill level 24 in Fighting
 56076 | Zot:4    | Noticed a curse toe
 56078 | Zot:4    | Your ally Morbeogh died
 56104 | Zot:4    | Your ally Herok died
 56105 | Zot:4    | Your ally Bogmar died
 56105 | Zot:4    | HP: 8/229 [??? (5)]
 56113 | Zot:4    | Killed a curse toe
 57645 | Zot:4    | Noticed a golden dragon
 57646 | Zot:4    | Noticed a curse toe
 57653 | Zot:4    | Killed a golden dragon
 57656 | Zot:4    | Killed a curse toe
 57765 | Zot:4    | Found a large runed translucent door.
 57767 | Zot:4    | Found a large runed translucent door.
 57770 | Zot:4    | Noticed Flapstick's ghost (legendary HaBe)
 57857 | Zot:5    | Entered Level 5 of the Realm of Zot
 57857 | Zot:5    | Noticed a golden dragon
 57864 | Zot:5    | Killed a golden dragon
 57890 | Zot:5    | Noticed a curse toe
 57907 | Zot:5    | Killed a curse toe
 58207 | Zot:5    | Noticed a dread lich
 58214 | Zot:5    | Killed a dread lich
 58233 | Zot:5    | Noticed a Killer Klown
 58245 | Zot:5    | Killed a Killer Klown
 58249 | Zot:5    | Reached XP level 24. HP: 201/239 MP: 31/31
 58462 | Zot:5    | Noticed a curse toe
 58472 | Zot:5    | Killed a curse toe
 59056 | Zot:5    | Noticed a Killer Klown
 59059 | Zot:5    | Noticed a Killer Klown
 59059 | Zot:5    | Noticed an orb of fire
 59059 | Zot:5    | Noticed a Killer Klown
 59069 | Zot:5    | Gained mutation: Your magical capacity is low. (-10% MP)
                  | [an orb of fire]
 59071 | Zot:5    | Gained mutation: You do not regenerate when monsters are
                  | visible. [an orb of fire]
 59074 | Zot:5    | Killed a Killer Klown
 59079 | Zot:5    | Killed from afar by an orb of fire

Illustrated notes

Levels and vault maps discovered:
D:1:      heliophobic_arrival_ceremonial_halls, layout_basic, roderic_lattice_a,
          minmay_three_crescents
D:2:      layout_basic, roderic_malta_cross, corexii_item_surrounded_by_moat,
          minmay_vboxes
D:3:      layout_basic, dreamdust_ecumenical_altar_sealed_demon,
          minmay_misc_feat_rugged, nicolae_kite_square_tiling_tiny
D:4:      layout_basic, nicolae_uskayaw_en_pointe, amcnicky_altar_gilded
D:5:      layout_layer_cave, good_gods_temple_1,
          mainiacjoe_overflow_catwalk_spiral, minivault_25
D:6:      layout_rooms, led_sif_book, mainiacjoe_overflow_surrounded_room,
          uniq_prince_ribbit1
D:7:      layout_basic, minmay_temple_entry_oklob, uniq_joseph, uniq_pikel
D:8:      layout_loops_cross, vehumet_altar_wand_db, enter_bailey_2,
          minmay_orc_keep
D:9:      layout_gridville, marbit_many_paths, david_orc_2
D:10:     layout_loops_cross, david_lair_shrubbed
D:11:     layout_basic, portal_ice_cave_entry_pillars_2, serial_glass,
          glass_columns_c, glass_columns_c, uniq_snorg, uniq_nergalle
D:12:     lemuel_insect_pit, layout_gridville
D:13:     layout_irregular_city, uniq_josephine
D:14:     layout_roguey, david_vaults_3, gauntlet_entry_generic,
          kennysheep_generic_room_13, uniq_lodul, uniq_agnes
D:15:     gammafunk_depths_entry_grave, layout_loops_ring,
          nicolae_qazlal_scattered_showers
Temple:   hellmonk_temple_divided_pantheon
Lair:1:   layout_small_grid
Lair:2:   layout_long_grid, elwin_shoals_entry_stream, tgw_fedhas,
          infiniplex_staircase_pool_2
Lair:3:   layout_roguey, guppyfry_snake_entry_garden, grunt_megastairs_4
Lair:4:   layout_cave_pods, dpeg_slime_entry_corner, pf_torpor_hydra
Lair:5:   hellmonk_lair_end_abyssal_woods, layout_gridlike,
          chequers_serial_rivers_large_b, minmay_lair_oklob_bushes,
          serial_bayou_crossing, lemuel_fruit_tree
Shoals:1: layout_shoals, nicolae_shoals_mertower, uniq_frances
Shoals:2: layout_shoals
Shoals:3: cheibrodos_shoals_three_sisters, layout_shoals, serial_shops,
          nicolae_shop_statue_plus, nicolae_shoals_stone_sculpture_thing,
          nicolae_shoals_seven_spires, uniq_polyphemus, uniq_donald, uniq_mara
Shoals:4: shoals_end_hangedman, layout_shoals, serial_shops,
          nicolae_shop_crystal, nicolae_shop_bloodbath_and_beyond,
          abandoned_shop, nicolae_shoals_undead_eyrie
Snake:1:  layout_basic, grunt_ministairs_6
Snake:2:  layout_honeycomb
Snake:3:  layout_gridlike, serial_shops, nicolae_stop_n_shop_1,
          serial_bayou_pond_b, nicolae_shop_gadgets, uniq_vashnia
Snake:4:  grunt_snake_rune_spirals, layout_onion, serial_shops,
          nicolae_shop_crystal, st_stairs_8, drop_trap
Orc:1:    layout_diamond_mine, special_room [special_room_orc],
          nicolae_shop_overcharged_wands
Orc:2:    st_orc_mages, layout_caves
Vaults:1: portal_desolation_entry_nicolae_nacl,
          nicolae_vaults_network_quinsquares
          [nicolae_vaults_network_quincunx_subvault,
          nicolae_vaults_network_quincunx_subvault,
          nicolae_vaults_network_quincunx_subvault,
          nicolae_vaults_network_quincunx_subvault],
          hangedman_vaults_variations, nicolae_vaults_ring_of_whatevers,
          vaults_mumra_hex, v_rooms_1, nicolae_vaults_network_s,
          vaults_room_guarded_vault, vaults_room_hallway,
          nicolae_vaults_alarming, nicolae_vaults_little_squares_5,
          layout_vaults_omnigrid, serial_shops, shop
Vaults:2: v_misc_15, vaults_dpeg_ring, vaults_mumra_chevron,
          vaults_room_semicircle, blue_anna_dwarven_crypt, vaults_room_pool,
          vaults_room_hangedman_quadrants, hangedman_vaults_hat, v_misc_5,
          v_misc_1, v_pattern_4, v_misc_30, v_alt_pattern_2, vaults_dpeg_cross,
          v_misc_17, v_alt_pattern_3, ontoclasm_vaults_twist,
          ontoclasm_vaults_claustrophobia, layout_vaults_maze_bifur,
          uniq_margery
Vaults:3: hangedman_vaults_pinch, hangedman_vaults_stagger, grunt_vaults_focal,
          v_alt_pattern_5, v_misc_23, vaults_room_pools,
          nicolae_vaults_back_hallway, nicolae_vaults_little_squares_5,
          nicolae_vaults_windows_and_doors_thing, vaults_room_corners,
          v_pattern_5, grunt_vaults_hallway_short, layout_vaults_omnicross,
          uniq_jory
Vaults:4: vaults_room_grid, hangedman_vaults_slice, v_rooms_4,
          ontoclasm_vaults_decontamination, hangedman_vaults_stretched_pinwheel,
          nicolae_vaults_border_crossing, ontoclasm_vaults_ligature,
          nicolae_vaults_little_squares_6, hangedman_vaults_river_flow,
          v_misc_29, st_diamondy, v_misc_11, v_misc_24,
          hangedman_vaults_corner_blocks, hangedman_vaults_impose,
          vaults_dpeg_diagonal, grunt_vaults_hallway_short, layout_vaults_ring,
          serial_shops
Vaults:5: uniq_sojobo
Depths:1: layout_gridville, enter_ziggurat_c, pf_coc_iceberg, abyss_entry,
          nrook_pool_corridor, chequers_serial_rivers_room_b, st_stairs_10,
          nrook_kobold_shadow_demons
Depths:2: grunt_runaround [grunt_runaround_doors_1, grunt_runaround_doors_2,
          grunt_runaround_doors_3, grunt_runaround_doors_4,
          grunt_runaround_loot], abyss_entry, hell_entry, pan_entry,
          serial_shops, uniq_saint_roka
Depths:3: minmay_split_circle, layout_cave_pools, hangedman_geh_valley,
          minmay_room_of_horrors, minmay_staircase_bubble
Depths:4: grunt_zot_entry_funnels, layout_honeycomb, xom_teletrap_fun,
          hell_entry
Zot:1:    layout_cellular_growth, hangedman_zot_decor_tridents
Zot:2:    lemuel_firehouse, layout_cathedral_of_symmetry, bh_zot_lava_cross,
          zot_minivault_4
Zot:3:    layout_gridlike, grunt_megastairs_3
Zot:4:    nicolae_zot_stationary_front, layout_basic,
          ebering_ghost_disaster_area
Zot:5:    layout_basic

Skill      XL: |  1  2  3  4  5  6  7  8  9 10 11 12 13 14 15 16 17 18 19 20 21 22 23 |
---------------+----------------------------------------------------------------------+-----
Axes           | 3 4 5 6 8 9 11 14 16 20 22 | 22.8
Fighting       | 7 11 14 15 17 18 19 20 21 23 24 | 24.4
Shields        | 4 5 7 9 11 15 16 18 20 21 | 21.0
Armour         | 4 5 7 10 14 15 16 17 18 19 21 22 | 22.3
Invocations    | 2 7 11 | 11.3
Dodging        | 5 11 14 | 14.0

Action                   |  1- 3 |  4- 6 |  7- 9 | 10-12 | 13-15 | 16-18 | 19-21 | 22-24 || total
-------------------------+-------+-------+-------+-------+-------+-------+-------+-------++-------
Melee: War axe           |   103 |   170 |   181 |       |   305 |   674 |   707 |   587 ||  2727
       Hand axe          |       |       |    27 |   451 |   316 |       |       |       ||   794
Invok: Convert to Beogh  |       |       |     1 |       |       |       |       |       ||     1
       Recall Orcish Fol |       |       |       |       |     7 |    14 |     9 |    10 ||    40
       Give Item to Name |       |       |       |       |     3 |     3 |     4 |       ||    10
       Smiting           |       |       |       |       |       |     1 |       |       ||     1
       Resurrection      |       |       |       |       |       |       |       |     2 ||     2
Evoke: Wand              |       |     3 |       |     8 |     1 |     1 |       |       ||    13
  Use: Scroll            |       |     5 |     5 |     4 |    15 |     4 |    17 |     7 ||    57
       Potion            |       |     3 |       |     3 |     6 |     8 |     2 |    10 ||    32
 Stab: Distracted        |       |       |       |     5 |     9 |     8 |    22 |    10 ||    54
       Petrified         |       |       |       |       |     2 |       |       |       ||     2
       Paralysed         |       |       |       |       |    19 |     7 |    18 |     2 ||    46
       Confused          |       |       |       |       |     1 |       |       |     1 ||     2
Armor: Scale mail        |    46 |    57 |     3 |       |       |       |       |       ||   106
       Chain mail        |       |       |    42 |       |       |       |       |       ||    42
       Plate armour      |       |       |     5 |   127 |   218 |   249 |   237 |   290 ||  1126
Dodge: Dodged            |    47 |    54 |    52 |    60 |    71 |   147 |   172 |   210 ||   813
Block: Buckler           |    33 |    86 |    60 |    92 |       |       |       |       ||   271
       Reflection        |       |       |     2 |     5 |    25 |   120 |    64 |    25 ||   241
       Tower shield      |       |       |       |   168 |   612 |   842 |   932 |   891 ||  3445
